 Dungeon Crawl Stone Soup version 0.22.1-6-g1668fe2 (webtiles) character file.

488 Copingsaw the Changer (level 7, -4/43 HPs)
             Began as an Octopode Transmuter on Feb 2, 2019.
             Splashed by a jelly's acid (5 damage)
             ... on level 5 of the Dungeon.
             The game lasted 00:20:08 (4219 turns).

Copingsaw the Changer (Octopode Transmuter)         Turns: 4219, Time: 00:20:10

Health: -4/43      AC: -6    Str:  9    XL:     7   Next: 13%
Magic:  7/11       EV: 20    Int: 22    God:
Gold:   134        SH:  0    Dex: 19    Spells: 6/12 levels left

rFire    . . .     SeeInvis .     - Unarmed
rCold    . . .     Gourm    .   (shield currently unavailable)
rNeg     . . .     Faith    .   (helmet currently unavailable)
rPois    x         Spirit   .   l - amulet of the acrobat
rElec    .         Reflect  .   t - +6 ring of intelligence
rCorr    .         Harm     .   (no ring)
MR       .....                  (no ring)
Stlth    ++........             (no ring)
HPRegen  0.14/turn              (no ring)
MPRegen  0.12/turn              (no ring)
                                (no ring)
                                (no ring)

@: spider-form, corroded, very slightly contaminated
A: tiny, almost no armour, stealthy swim, (amphibious), 8 rings, (constrict 8)
a: End Transformation


You were on level 5 of the Dungeon.
You were hungry.
You were a venomous arachnid creature.
You visited 1 branch of the dungeon, and saw 5 of its levels.

You collected 134 gold pieces.

Inventory:

Hand Weapons
 s - a +0 hunting sling
Missiles
 a - 76 arrows
 f - 5 javelins (quivered)
 i - 202 stones
 k - 15 poisoned needles
 y - 12 sling bullets
Jewellery
 b - an uncursed amulet of harm
 l - an amulet of the acrobat (around neck)
 t - a +6 ring of intelligence (left front leg)
Wands
 o - a wand of paralysis (10)
 p - a wand of flame (35)
 q - a wand of enslavement (7)
Scrolls
 d - 5 scrolls of identify
 e - 3 scrolls of remove curse
 m - 2 scrolls of teleportation
 n - a scroll of magic mapping {unknown}
 r - a scroll of immolation {unknown}
 x - a scroll of blinking {unknown}
Potions
 g - 4 potions of heal wounds
 h - a potion of flight
 j - 3 potions of resistance {unknown}
 u - a potion of magic {unknown}
 v - 2 potions of might {unknown}
 w - a potion of invisibility {unknown}
Comestibles
 c - 7 rations


   Skills:
 - Level 1.0 Fighting
 - Level 2.0 Dodging
 - Level 4.4 Unarmed Combat
 - Level 3.0 Spellcasting
 + Level 5.8 Transmutations
 - Level 2.0 Poison Magic


You had 6 spell levels left.
You knew the following spells:

 Your Spells              Type           Power        Failure   Level  Hunger
a - Beastly Appendage     Tmut           ####..       5%          1    None
b - Sticks to Snakes      Tmut           ####....     7%          2    ##.....
c - Spider Form           Tmut/Pois      ###.......   21%         3    ###....

Your spell library contained the following spells:

 Spells                   Type           Power        Failure   Level  Hunger
 Blade Hands              Tmut           ####......   52%         5    ######.
 Ice Form                 Ice/Tmut       ###.....     58%         4    ####...


Dungeon Overview and Level Annotations

Branches:
Dungeon (5/15)
 Temple: D:4-7

Altars:
Ashenzari
Xom

Shops:
D:4 =


Innate Abilities, Weirdness & Mutations

You cannot wear most types of armour.
You are very stealthy in the water. (Stealth+)
((You are amphibious.))
You can wear up to eight rings at the same time.
((You can use your tentacles to constrict eight enemies at once.))
((Your skin changes colour to match your surroundings (Stealth+).))
((Your rubbery body absorbs attacks. (AC +1, EV +1)))


Message History

You hit the jelly.
Your front legs burn!
The jelly is severely wounded.
The jelly hits you. The acid corrodes you!
You are splashed with acid!
The acid burns!
You hit the jelly but do no damage.
Your front legs burn!
The jelly is severely wounded.
The jelly hits you.
* * * LOW HITPOINT WARNING * * *
You are splashed with acid!
The acid burns!
* * * LOW HITPOINT WARNING * * *
The jelly jiggles.
There is a stone staircase leading up here.
The jelly completely misses you.
You hit the jelly but do no damage.
Your front legs burn!
* * * LOW HITPOINT WARNING * * *
The jelly is severely wounded.
The jelly hits you.
* * * LOW HITPOINT WARNING * * *
You are splashed with acid!
The acid burns!
You die...

### #.#
#.#####.#
#.......#
#.###.......
#<..#.#...##
#J#.#.# ....
#s#.#.# ...
#.# #.# ..
#.# .# # #..
.. ###


You could see a jelly.

Vanquished Creatures
  An ogre (D:4)
  3 orc wizards
  2 orc priests (D:4)
  Ijyb (D:3)
  2 worker ants (D:4)
  9 adders
  An ooze (D:2)
  An adder skeleton (D:4)
  4 worms
  2 dart slugs (D:2)
  2 leopard geckos (D:3)
  10 orcs
  A giant cockroach (D:4)
  6 goblins
  10 hobgoblins
  5 jackals
  2 kobolds
  A quokka (D:4)
  2 ball pythons
  5 bats
  4 frilled lizards
  6 rats
80 creatures vanquished.

Vanquished Creatures (collateral kills)
  A worker ant (D:4)
  A worm (D:2)
  3 orcs (D:4)
  A ball python (D:3)
  5 goblins (D:3)
11 creatures vanquished.

Grand Total: 91 creatures vanquished

Notes
Turn   | Place    | Note
-------+----------+-------------------------------------------
     0 | D:1      | Copingsaw the Octopode Transmuter began the quest for the
                  | Orb.
     0 | D:1      | Reached XP level 1. HP: 13/13 MP: 3/3
   520 | D:1      | Reached XP level 2. HP: 18/18 MP: 3/5
   867 | D:2      | Found a shimmering altar of Xom.
   894 | D:2      | Learned a level 2 spell: Sticks to Snakes
  1181 | D:2      | Reached XP level 3. HP: 22/23 MP: 6/6
  1469 | D:2      | Reached XP level 4. HP: 28/28 MP: 5/7
  1710 | D:3      | Reached skill level 3 in Transmutations
  2187 | D:3      | Reached XP level 5. HP: 33/33 MP: 7/9
  2271 | D:3      | Learned a level 3 spell: Spider Form
  2569 | D:3      | Noticed Ijyb
  2573 | D:3      | Reached skill level 1 in Poison Magic
  2584 | D:3      | Killed Ijyb
  2876 | D:3      | Found a shattered altar of Ashenzari.
  3084 | D:4      | Noticed an ogre
  3122 | D:3      | Reached XP level 6. HP: 29/38 MP: 8/10
  3197 | D:4      | Reached skill level 4 in Transmutations
  3716 | D:4      | Found Waopt's Jewellery Boutique.
  4060 | D:4      | Reached skill level 5 in Transmutations
  4122 | D:4      | Reached XP level 7. HP: 43/43 MP: 8/11
  4198 | D:5      | Entered Level 5 of the Dungeon
  4219 | D:5      | HP: 2/43 [acid (3)]
  4219 | D:5      | Splashed by a jelly's acid

Skill      XL: |  1  2  3  4  5  6 |
---------------+-------------------+-----
Transmutations | 3 5 |  5.8
Unarmed Combat | 4 |  4.4
Spellcasting   | 3 |  3.0
Poison Magic   | 1 2 |  2.0
Fighting       | |  1.0
Dodging        | |  2.0

Action                   |  1- 3 |  4- 6 |  7- 9 || total
-------------------------+-------+-------+-------++-------
Melee: Unarmed           |    60 |   154 |    10 ||   224
       Constrict         |    15 |    38 |       ||    53
       Kick              |     9 |    38 |       ||    47
       Tentacles         |     9 |    22 |       ||    31
       Punch             |     1 |     2 |       ||     3
Throw: Javelin           |     4 |       |       ||     4
 Cast: Beastly Appendage |    17 |    40 |       ||    57
       Sticks to Snakes  |     4 |    13 |       ||    17
       Spider Form       |       |     2 |     2 ||     4
Evoke: Wand              |       |     1 |       ||     1
  Use: Scroll            |     2 |     4 |       ||     6
       Potion            |       |     1 |       ||     1
 Stab: Sleeping          |     6 |     5 |       ||    11
       Paralysed         |       |     3 |       ||     3
  Eat: Chunk             |     3 |     8 |     1 ||    12
Armor: Skin              |     6 |     7 |       ||    13
Dodge: Dodged            |    30 |    81 |     4 ||   115
